[Event "SuperChess Cup Blitz 2019"]
[Site "Bucharest"]
[Date "2019.11.10"]
[Round "14.1"]
[White "Gavrilescu, David"]
[Black "Lupulescu, Constantin"]
[Result "1/2-1/2"]
[ECO "B53"]
[WhiteElo "2274"]
[BlackElo "2525"]
[Annotator "ChessBase"]
[PlyCount "62"]
[EventDate "2019.11.06"]
[EventType "tourn"]
[EventCountry "ROU"]
[SourceTitle "playchess.com"]
[Source "ChessBase"]
[SourceQuality "1"]
[TimeMode "Bronstein"]
[TimeControl "300+3"]

1. e4 c5 2. Nf3 d6 3. d4 cxd4 4. Qxd4 a6 5. h3 Nc6 6. Qe3 Nf6 7. Be2 e6 8. O-O Be7 9. c4 O-O 10. Rd1 Qc7 11. Nc3 Ne5 12. b3 b6 13. Bb2 Bb7 14. Rac1 Ned7 15. Bf1 Rfe8 16. g4 Nc5 17. Nd2 h6 18. Bg2 Nh7 19. Ne2 Bf6 20. Bxf6 Nxf6 21. Ng3 Rad8 22. g5 hxg5 23. Qxg5 Qe7 24. Rc3 a5 25. Re3 Nh7 26. Qh5 Qg5 27. Qe2 Nf6 28. Nf3 Qh6 29. Nh2 Qg5 30. Nf3 Qh6 31. Nh2 Qg5 1/2-1/2

[Event "SuperChess Cup Blitz 2019"]
[Site "Bucharest"]
[Date "2019.11.10"]
[Round "14.2"]
[White "Parligras, Mircea-Emilian"]
[Black "Miron, Lucian-Costin"]
[Result "1/2-1/2"]
[ECO "D12"]
[WhiteElo "2458"]
[BlackElo "2432"]
[Annotator "ChessBase"]
[PlyCount "47"]
[EventDate "2019.11.06"]
[EventType "tourn"]
[EventCountry "ROU"]
[SourceTitle "playchess.com"]
[Source "ChessBase"]
[SourceQuality "1"]
[TimeMode "Bronstein"]
[TimeControl "300+3"]

1. d4 d5 2. c4 c6 3. Nf3 Nf6 4. e3 Bf5 5. Nc3 e6 6. Nh4 Be4 7. f3 Bg6 8. Bd2 Be7 9. Nxg6 hxg6 10. Qc2 a6 11. O-O-O dxc4 12. Bxc4 Nbd7 13. Ne4 Rc8 14. Kb1 Qc7 15. Nxf6+ Nxf6 16. e4 c5 17. e5 Nd7 18. Bxe6 fxe6 19. Qxg6+ Kf8 20. Qxe6 cxd4 21. Qf5+ Kg8 22. Qe6+ Kf8 23. Qf5+ Kg8 24. Qe6+ 1/2-1/2

[Event "SuperChess Cup Blitz 2019"]
[Site "Bucharest"]
[Date "2019.11.10"]
[Round "14.3"]
[White "Peptan, Corina-Isabela"]
[Black "David, Alexandru-Vasile"]
[Result "1-0"]
[ECO "E19"]
[WhiteElo "2334"]
[BlackElo "2361"]
[Annotator "NA"]
[PlyCount "119"]
[EventDate "2019.11.06"]
[EventType "tourn"]
[EventCountry "ROU"]
[SourceTitle "playchess.com"]
[Source "ChessBase"]
[SourceQuality "1"]
[TimeMode "Bronstein"]
[TimeControl "300+3"]

1. d4 Nf6 2. c4 e6 3. Nf3 b6 4. g3 Bb7 5. Bg2 Be7 6. Nc3 Ne4 7. Qc2 Nxc3 8. Qxc3 O-O 9. O-O Be4 10. Rd1 d6 11. Bf1 Nd7 12. Nd2 Bb7 13. e4 e5 14. d5 Bf6 15. Bg2 g6 16. b4 Bg7 17. Nb3 f5 18. c5 Nf6 19. f3 f4 20. gxf4 Nh5 21. fxe5 Bxe5 22. Nd4 Qh4 23. h3 bxc5 24. bxc5 Qg3 25. a4 Qh2+ 26. Kf2 Ba6 27. Rd3 Bxd3 28. Qxd3 Bxd4+ 29. Qxd4 Rxf3+ 30. Kxf3 Rf8+ 31. Ke3 Qxg2 32. Kd3 Qf1+ 33. Kc2 Rf2+ 34. Bd2 Qg2 35. cxd6 cxd6 36. Rb1 Rxd2+ 37. Qxd2 Qxe4+ 38. Kc3 Nf4 39. Rb8+ Kf7 40. Rb7+ Ke8 41. Rb8+ Kd7 42. Kb2 Kc7 43. Rb3 Nxd5 44. Qc2+ Qxc2+ 45. Kxc2 g5 46. Rf3 Nf4 47. h4 h6 48. hxg5 hxg5 49. Rg3 Ne6 50. Kc3 d5 51. Kb4 d4 52. Kc4 Kd6 53. Rg1 a6 54. Re1 Nc5 55. a5 Ne6 56. Re4 d3 57. Re1 Nf4 58. Kc3 g4 59. Re4 Nd5+ 60. Kxd3 1-0

[Event "SuperChess Cup Blitz 2019"]
[Site "Bucharest"]
[Date "2019.11.10"]
[Round "14.4"]
[White "Deac, Bogdan-Daniel"]
[Black "Istratescu, Andrei"]
[Result "1/2-1/2"]
[ECO "C00"]
[WhiteElo "2544"]
[BlackElo "2604"]
[Annotator "ChessBase"]
[PlyCount "93"]
[EventDate "2019.11.06"]
[EventType "tourn"]
[EventCountry "ROU"]
[SourceTitle "playchess.com"]
[Source "ChessBase"]
[SourceQuality "1"]
[TimeMode "Bronstein"]
[TimeControl "300+3"]

1. e4 e6 2. d4 d5 3. Bd3 dxe4 4. Bxe4 Nf6 5. Bf3 Bd6 6. Nc3 O-O 7. Nge2 e5 8. Bg5 h6 9. Bh4 Nc6 10. Bxc6 bxc6 11. O-O Ba6 12. Re1 Rb8 13. Rb1 Re8 14. Ne4 Be7 15. Bxf6 Bxf6 16. Nxf6+ Qxf6 17. dxe5 Qxe5 18. Nc3 Qxe1+ 19. Qxe1 Rxe1+ 20. Rxe1 Rxb2 21. Rc1 Bc4 22. a3 Be6 23. f3 Bf5 24. Nd1 Ra2 25. Ne3 Be6 26. Kf2 Rxa3 27. Rb1 a5 28. Rb7 a4 29. Ke2 f5 30. f4 Bd5 31. Nxf5 Be4 32. Ne3 Ra1 33. Rxc7 a3 34. Ra7 a2 35. Kf2 Kf8 36. f5 Ke8 37. g4 Bd5 38. Nxd5 cxd5 39. Kg2 Kf8 40. h4 d4 41. g5 hxg5 42. hxg5 Kg8 43. Kh2 Kf8 44. Kg2 Kg8 45. Kh2 Rf1 46. Rxa2 Rxf5 47. Ra4 1/2-1/2

[Event "SuperChess Cup Blitz 2019"]
[Site "Bucharest"]
[Date "2019.11.10"]
[Round "14.5"]
[White "Georgescu, Tiberiu-Marian"]
[Black "Cosma, Elena-Luminita"]
[Result "1-0"]
[ECO "D35"]
[WhiteElo "2373"]
[BlackElo "2199"]
[Annotator "NA"]
[PlyCount "115"]
[EventDate "2019.11.06"]
[EventType "tourn"]
[EventCountry "ROU"]
[SourceTitle "playchess.com"]
[Source "ChessBase"]
[SourceQuality "1"]
[TimeMode "Bronstein"]
[TimeControl "300+3"]

1. d4 d5 2. c4 e6 3. Nc3 Nf6 4. cxd5 exd5 5. Bg5 Be7 6. e3 c6 7. Bd3 Nbd7 8. Qc2 Nh5 9. Bxe7 Qxe7 10. O-O-O Nb6 11. Kb1 Be6 12. h3 Nf6 13. f4 O-O-O 14. Nf3 Kb8 15. Na4 Nxa4 16. Qxa4 Nd7 17. Rc1 Nb6 18. Qa5 f6 19. Rc3 Nc8 20. Nd2 Qc7 21. Qb4 Qd6 22. Qa4 Bd7 23. Qc2 Rhe8 24. Bxh7 Re7 25. Nb3 Rde8 26. Bg6 Rh8 27. Nc5 Be8 28. Bf5 Nb6 29. b3 g5 30. fxg5 fxg5 31. a4 Rf8 32. g4 Nd7 33. Nxb7 Kxb7 34. Rc1 Nb8 35. Qd2 Ka8 36. Rc5 Bd7 37. Rf1 Bxf5+ 38. gxf5 Ref7 39. Qc2 Qd7 40. e4 dxe4 41. Qxe4 Re8 42. Qf3 Qb7 43. f6 Re6 44. Rf5 Rexf6 45. Rxf6 Rxf6 46. Qxf6 Qxb3+ 47. Kc1 Qc4+ 48. Kd2 Qxa4 49. Rf3 Qa2+ 50. Ke3 Qb3+ 51. Kf2 Qc2+ 52. Kg3 Qc1 53. Kg2 Qd2+ 54. Rf2 Qc1 55. Qe5 Kb7 56. d5 Kb6 57. Rb2+ Ka5 58. dxc6+ 1-0

[Event "SuperChess Cup Blitz 2019"]
[Site "Bucharest"]
[Date "2019.11.10"]
[Round "15.1"]
[White "Georgescu, Tiberiu-Marian"]
[Black "Gavrilescu, David"]
[Result "1/2-1/2"]
[ECO "A20"]
[WhiteElo "2373"]
[BlackElo "2274"]
[Annotator "NA"]
[PlyCount "124"]
[EventDate "2019.11.06"]
[EventType "tourn"]
[EventCountry "ROU"]
[SourceTitle "playchess.com"]
[Source "ChessBase"]
[SourceQuality "1"]
[TimeMode "Bronstein"]
[TimeControl "300+3"]

1. c4 e5 2. g3 c5 3. Nc3 Nc6 4. Bg2 g6 5. a3 Bg7 6. Rb1 Nge7 7. b4 d6 8. e3 O-O 9. Nge2 cxb4 10. axb4 Be6 11. d3 d5 12. b5 Na5 13. cxd5 Nxd5 14. Ba3 Re8 15. O-O Rc8 16. Ne4 Bg4 17. h3 Bxe2 18. Qxe2 Bf8 19. Bxf8 Kxf8 20. Qa2 Re7 21. Rfc1 Rxc1+ 22. Rxc1 b6 23. Qa3 Kg7 24. Qd6 Qxd6 25. Nxd6 Nb4 26. d4 exd4 27. exd4 Rd7 28. Ne8+ Kf8 29. Nf6 Rxd4 30. Nxh7+ Kg7 31. Ng5 Rd7 32. h4 Nd3 33. Rc8 Nb3 34. Bc6 Re7 35. Bd5 Nd4 36. Bxf7 Re1+ 37. Kg2 Re2 38. Rc7 Rxf2+ 39. Kh3 Nxb5 40. Rd7 Ne5 41. Rd5 Nxf7 42. Rxb5 Rf5 43. Ne6+ Kf6 44. Rxf5+ Kxf5 45. Nc7 Nd6 46. g4+ Kf4 47. h5 gxh5 48. gxh5 Kg5 49. Kg3 a5 50. Kf3 Kxh5 51. Ke3 Kg5 52. Kd4 Kf6 53. Kd5 Ke7 54. Kc6 a4 55. Kxb6 a3 56. Nd5+ Ke6 57. Nb4 Ke5 58. Ka5 Nc4+ 59. Ka4 Ke4 60. Kb3 Kd4 61. Nc2+ Kc5 62. Nxa3 Nxa3 1/2-1/2

[Event "SuperChess Cup Blitz 2019"]
[Site "Bucharest"]
[Date "2019.11.10"]
[Round "15.2"]
[White "Cosma, Elena-Luminita"]
[Black "Deac, Bogdan-Daniel"]
[Result "0-1"]
[ECO "D30"]
[WhiteElo "2199"]
[BlackElo "2544"]
[Annotator "ChessBase"]
[PlyCount "134"]
[EventDate "2019.11.06"]
[EventType "tourn"]
[EventCountry "ROU"]
[SourceTitle "playchess.com"]
[Source "ChessBase"]
[SourceQuality "1"]
[TimeMode "Bronstein"]
[TimeControl "300+3"]

1. d4 d5 2. c4 e6 3. Nf3 Nd7 4. Nbd2 Ngf6 5. g3 b6 6. Bg2 Bb7 7. O-O Be7 8. b3 O-O 9. Bb2 c5 10. e3 Rc8 11. Rc1 cxd4 12. Nxd4 Nc5 13. Qe2 Qd7 14. Rfd1 Rfd8 15. N2f3 Qe8 16. Ne5 Bd6 17. Nb5 Bf8 18. Nd4 a6 19. Ng4 Nxg4 20. Qxg4 dxc4 21. Bxb7 Nxb7 22. bxc4 Na5 23. Nb3 Rxd1+ 24. Qxd1 Nxc4 25. Ba1 b5 26. Nd4 Nb6 27. Nf3 Qd7 28. Bd4 Nc4 29. h4 f6 30. Qe2 e5 31. Ba1 Qe6 32. Rc2 h6 33. Nd2 Nb6 34. Nb3 Rxc2 35. Qxc2 Qc4 36. Qd1 a5 37. Kh2 a4 38. Nc1 Nd5 39. e4 Qxe4 40. Ne2 Qf3 41. Kg1 Bc5 42. Qf1 b4 43. Bb2 b3 44. axb3 axb3 45. Kh2 Qxf2+ 46. Qxf2 Bxf2 47. Nc1 h5 48. Kg2 Bb6 49. Nxb3 Kf7 50. Ba3 Ke6 51. Nd2 Kf5 52. Nc4 Bc7 53. Bd6 Bd8 54. Bc5 g6 55. Ba7 Ke6 56. Bc5 Nc3 57. Kf3 Kd5 58. Bb6 Kxc4 59. Bxd8 f5 60. Bf6 Kd4 61. Bg7 Nd5 62. Bh8 Ne7 63. Bf6 Nc6 64. Bh8 Kd3 65. Bg7 Nd4+ 66. Kg2 e4 67. Bh6 e3 0-1

[Event "SuperChess Cup Blitz 2019"]
[Site "Bucharest"]
[Date "2019.11.10"]
[Round "15.3"]
[White "Istratescu, Andrei"]
[Black "Peptan, Corina-Isabela"]
[Result "1/2-1/2"]
[ECO "B48"]
[WhiteElo "2604"]
[BlackElo "2334"]
[Annotator "ChessBase"]
[PlyCount "95"]
[EventDate "2019.11.06"]
[EventType "tourn"]
[EventCountry "ROU"]
[SourceTitle "playchess.com"]
[Source "ChessBase"]
[SourceQuality "1"]
[TimeMode "Bronstein"]
[TimeControl "300+3"]

1. e4 c5 2. Nf3 e6 3. d4 cxd4 4. Nxd4 Nc6 5. Nc3 Qc7 6. Be3 a6 7. a3 Nf6 8. f4 d6 9. Be2 Be7 10. g4 d5 11. e5 Nd7 12. h4 Nxd4 13. Qxd4 b5 14. Qd2 Bb7 15. Bd4 Nb6 16. Qe3 Nc4 17. Bxc4 dxc4 18. Rh2 Qc6 19. O-O-O O-O-O 20. Rf1 h5 21. g5 g6 22. Rd2 Kc7 23. Rfd1 Kb8 24. Ne2 Qe4 25. Qf2 Ka8 26. Nc3 Qc6 27. Be3 Rxd2 28. Rxd2 Rd8 29. Rxd8+ Bxd8 30. Qd2 Be7 31. Qd4 Kb8 32. Kb1 Kc8 33. Na2 Qd7 34. Qxd7+ Kxd7 35. Kc1 Be4 36. Nc3 Bb7 37. Ne2 a5 38. Nd4 b4 39. axb4 axb4 40. c3 bxc3 41. bxc3 Ba3+ 42. Kd2 Be4 43. Nb5 Be7 44. Ba7 Kc6 45. Nd6 Bxd6 46. exd6 Kxd6 47. Ke3 Bd3 48. Bd4 {Ke5} 1/2-1/2

[Event "SuperChess Cup Blitz 2019"]
[Site "Bucharest"]
[Date "2019.11.10"]
[Round "15.4"]
[White "David, Alexandru-Vasile"]
[Black "Parligras, Mircea-Emilian"]
[Result "0-1"]
[ECO "E49"]
[WhiteElo "2361"]
[BlackElo "2458"]
[Annotator "ChessBase"]
[PlyCount "94"]
[EventDate "2019.11.06"]
[EventType "tourn"]
[EventCountry "ROU"]
[SourceTitle "playchess.com"]
[Source "ChessBase"]
[SourceQuality "1"]
[TimeMode "Bronstein"]
[TimeControl "300+3"]

1. d4 Nf6 2. c4 e6 3. Nc3 Bb4 4. e3 O-O 5. Bd3 d5 6. a3 Bxc3+ 7. bxc3 c6 8. cxd5 cxd5 9. Ne2 b6 10. f3 Ba6 11. O-O Qc8 12. e4 Bxd3 13. Qxd3 Qa6 14. Qe3 Nc6 15. e5 Nd7 16. Nf4 Rae8 17. Nh5 f6 18. exf6 Nxf6 19. Nxf6+ Rxf6 20. Bd2 e5 21. f4 e4 22. f5 Na5 23. Qg3 Qd3 24. Qxd3 exd3 25. Rad1 Rc6 26. Rf3 Nc4 27. Bf4 Nxa3 28. Rfxd3 Nc4 29. Ra1 a5 30. Kf2 b5 31. Ra2 a4 32. g4 Re4 33. Rf3 Rc8 34. g5 Rce8 35. f6 gxf6 36. gxf6 Kf7 37. Bg5 a3 38. h4 h6 39. Bc1 Rxh4 40. Kg3 Rh1 41. Ra1 Ree1 42. Rxa3 Nxa3 43. Bxa3 Reg1+ 44. Kf2 Rf1+ 45. Ke2 Rxf3 46. Kxf3 Rh3+ 47. Kg4 Rxc3 0-1

[Event "SuperChess Cup Blitz 2019"]
[Site "Bucharest"]
[Date "2019.11.10"]
[Round "15.5"]
[White "Miron, Lucian-Costin"]
[Black "Lupulescu, Constantin"]
[Result "1/2-1/2"]
[ECO "D04"]
[WhiteElo "2432"]
[BlackElo "2525"]
[Annotator "ChessBase"]
[PlyCount "43"]
[EventDate "2019.11.06"]
[EventType "tourn"]
[EventCountry "ROU"]
[SourceTitle "playchess.com"]
[Source "ChessBase"]
[SourceQuality "1"]
[TimeMode "Bronstein"]
[TimeControl "300+3"]

1. d4 Nf6 2. Nf3 d5 3. e3 c5 4. Bd3 Nc6 5. O-O cxd4 6. exd4 Bg4 7. c3 e6 8. Bf4 Bd6 9. Bxd6 Qxd6 10. Nbd2 O-O 11. Re1 Ne7 12. Qc2 Bf5 13. Ne5 Rab8 14. a4 Nd7 15. Bxf5 Nxf5 16. Nd3 Rbc8 17. Nf3 h6 18. Qd2 Ne7 19. Nfe5 Nxe5 20. Nxe5 Nc6 21. Re3 Nxe5 22. Rxe5 1/2-1/2

[Event "SuperChess Cup Blitz 2019"]
[Site "Bucharest"]
[Date "2019.11.10"]
[Round "16.1"]
[White "Gavrilescu, David"]
[Black "Miron, Lucian-Costin"]
[Result "1/2-1/2"]
[ECO "C44"]
[WhiteElo "2274"]
[BlackElo "2432"]
[Annotator "NA"]
[PlyCount "67"]
[EventDate "2019.11.06"]
[EventType "tourn"]
[EventCountry "ROU"]
[SourceTitle "playchess.com"]
[Source "ChessBase"]
[SourceQuality "1"]
[TimeMode "Bronstein"]
[TimeControl "300+3"]

1. e4 e5 2. Nf3 Nc6 3. d4 exd4 4. Nxd4 Nf6 5. Nxc6 bxc6 6. Bd3 d5 7. exd5 cxd5 8. O-O Be7 9. c4 dxc4 10. Bxc4 Qxd1 11. Rxd1 O-O 12. Nc3 Bg4 13. f3 Bc5+ 14. Kf1 Bf5 15. Bg5 Bd6 16. Bxf6 gxf6 17. h3 Rab8 18. Bb3 Be5 19. Rd2 Bf4 20. Rdd1 Be5 21. Kf2 Be6 22. Nd5 Bxd5 23. Rxd5 Bxb2 24. Rad1 Be5 25. g3 Kg7 26. f4 Bd6 27. Kf3 Rfe8 28. Ra5 Rb7 29. Rd3 Re7 30. Re3 Rxe3+ 31. Kxe3 Bb4 32. Rd5 Bd6 33. Ra5 Bb4 34. Rd5 1/2-1/2

[Event "SuperChess Cup Blitz 2019"]
[Site "Bucharest"]
[Date "2019.11.10"]
[Round "17.3"]
[White "Cosma, Elena-Luminita"]
[Black "Parligras, Mircea-Emilian"]
[Result "0-1"]
[ECO "A46"]
[WhiteElo "2199"]
[BlackElo "2458"]
[Annotator "RC"]
[PlyCount "114"]
[EventDate "2019.11.06"]
[EventType "tourn"]
[EventCountry "ROU"]
[SourceTitle "playchess.com"]
[Source "ChessBase"]
[SourceQuality "1"]
[TimeMode "Bronstein"]
[TimeControl "300+3"]

1. d4 Nf6 2. Nf3 d5 3. c4 e6 4. g3 Bb4+ 5. Bd2 Bd6 6. Bg2 c6 7. Qc2 Nbd7 8. O-O O-O 9. Bg5 h6 10. Bxf6 Nxf6 11. Nbd2 b6 12. e4 Be7 13. e5 Nd7 14. cxd5 cxd5 15. Rfc1 Nb8 16. Bf1 Bd7 17. a3 a5 18. Nb1 b5 19. Nc3 b4 20. axb4 Bxb4 21. Na4 Na6 22. Qb3 Qb8 23. Bd3 Bb5 24. Bxb5 Qxb5 25. Rc2 Rfc8 26. Rac1 Qb7 27. Kg2 Rab8 28. h4 Rxc2 29. Qxc2 Bf8 30. Qc6 Qxc6 31. Rxc6 Nb4 32. Rc3 g6 33. Nc5 Rc8 34. Na4 Rxc3 35. bxc3 Nc2 36. Nd2 Na3 37. Kf1 Be7 38. Ke2 Kf8 39. Kd3 Ke8 40. Nb6 Bd8 41. Na4 Kd7 42. c4 dxc4+ 43. Nxc4 Nxc4 44. Kxc4 Kc6 45. h5 gxh5 46. Nc3 h4 47. gxh4 Bxh4 48. Ne4 Be7 49. Nc3 h5 50. d5+ exd5+ 51. Nxd5 Bd8 52. Nf4 h4 53. e6 fxe6 54. Nxe6 h3 55. Nxd8+ Kd7 56. Nf7 h2 57. Ne5+ Ke6 0-1

[Event "SuperChess Cup Blitz 2019"]
[Site "Bucharest"]
[Date "2019.11.10"]
[Round "18.2"]
[White "Miron, Lucian-Costin"]
[Black "Istratescu, Andrei"]
[Result "0-1"]
[ECO "A40"]
[WhiteElo "2432"]
[BlackElo "2604"]
[Annotator "ChessBase"]
[PlyCount "144"]
[EventDate "2019.11.06"]
[EventType "tourn"]
[EventCountry "ROU"]
[SourceTitle "playchess.com"]
[Source "ChessBase"]
[SourceQuality "1"]
[TimeMode "Bronstein"]
[TimeControl "300+3"]

1. d4 g6 2. c4 Bg7 3. Nf3 c5 4. d5 d6 5. Nc3 Bxc3+ 6. bxc3 f5 7. Qc2 Nf6 8. Bh6 Qa5 9. Nd2 Nbd7 10. f3 Nb6 11. e3 Rg8 12. h4 e5 13. dxe6 Bxe6 14. Bg5 Nh5 15. Bd3 Qa4 16. Qb3 Kd7 17. Kf2 Rae8 18. Rhd1 Kc7 19. Rab1 Rgf8 20. Kg1 Qxb3 21. axb3 Nf6 22. Nf1 Nfd7 23. Be2 Ne5 24. Ng3 Nbd7 25. Bf1 Nf7 26. Bf4 Nfe5 27. Ne2 Nb8 28. Bg3 Nbc6 29. Nf4 Bg8 30. Rd2 a6 31. Rbd1 Rd8 32. Kf2 Rd7 33. Bd3 Nxd3+ 34. Rxd3 Ne5 35. Nd5+ Kb8 36. R3d2 Ka7 37. Nf4 Rfd8 38. Nd3 Nxd3+ 39. Rxd3 d5 40. Bf4 Be6 41. Bg5 dxc4 42. Rxd7 Rxd7 43. Rxd7 Bxd7 44. bxc4 Be6 45. e4 fxe4 46. fxe4 Bxc4 47. Ke3 Kb6 48. Bf6 Kc6 49. Bd8 b6 50. Kd2 a5 51. Kc2 a4 52. Kb2 b5 53. Be7 Bd3 54. e5 Kd5 55. Bd6 h6 56. g3 g5 57. hxg5 hxg5 58. Ka3 g4 59. Kb2 Kc4 60. Ka3 Bf5 61. Be7 Bd7 62. Bd6 Kd5 63. Be7 b4+ 64. cxb4 c4 65. Bd6 Kd4 66. b5 Bxb5 67. Kb4 Be8 68. e6 c3 69. Bf4 Kd3 70. Ka3 Kc2 71. Ka2 Kd1 72. Ka3 c2 0-1

[Event "SuperChess Cup Blitz 2019"]
[Site "Bucharest"]
[Date "2019.11.10"]
[Round "18.5"]
[White "Peptan, Corina-Isabela"]
[Black "Deac, Bogdan-Daniel"]
[Result "0-1"]
[ECO "D37"]
[WhiteElo "2334"]
[BlackElo "2544"]
[Annotator "RC"]
[PlyCount "78"]
[EventDate "2019.11.06"]
[EventType "tourn"]
[EventCountry "ROU"]
[SourceTitle "playchess.com"]
[Source "ChessBase"]
[SourceQuality "1"]
[TimeMode "Bronstein"]
[TimeControl "300+3"]

1. d4 d5 2. Nf3 e6 3. c4 Nf6 4. Nc3 Nbd7 5. cxd5 exd5 6. Bg5 c6 7. e3 h6 8. Bh4 g5 9. Bg3 Nh5 10. Bd3 Nxg3 11. hxg3 Bg7 12. Qe2 Qe7 13. Rd1 Nb6 14. Bb1 Bg4 15. e4 dxe4 16. Qxe4 Qxe4+ 17. Bxe4 O-O-O 18. Ne2 Rhe8 19. Bd3 Bxf3 20. gxf3 Bxd4 21. b3 Bg7 22. Kf1 Kc7 23. g4 Nd5 24. Bc2 Nb4 25. Rxd8 Rxd8 26. Bb1 Rd2 27. Ng3 Nxa2 28. Bxa2 Rxa2 29. Kg2 Rb2 30. Nf5 Bf8 31. Nxh6 Bc5 32. Rf1 f6 33. Ng8 Bd4 34. Ne7 Rxb3 35. Rd1 c5 36. Nf5 a5 37. Nxd4 cxd4 38. Rxd4 b5 39. f4 Rb4 0-1